 Dungeon Crawl Stone Soup version 0.30-a0-711-gf4ac18a38d (webtiles) character file.

Game seed: 8168644837298309085

30 kae the Insei (level 3, 0/26 HPs)
             Began as a Demonspawn Transmuter on Jan 22, 2023.
             Slain by an adder (2 damage)
             ... on level 2 of the Dungeon.
             The game lasted 00:00:41 (819 turns).

kae the Insei (Demonspawn Transmuter)                Turns: 819, Time: 00:00:41

Health: 0/26       AC:  2    Str: 10    XL:     3   Next: 5%
Magic:  5/6        EV: 12    Int: 16    God:
Gold:   103        SH:  0    Dex: 13    Spells: 5/6 levels left

rFire   + . .      SeeInvis .    d - +1 whip (venom)
rCold   + . .      Faith    .    (no shield)
rNeg    . . .      Spirit   .    a - +0 robe
rPois   +          Reflect  .    (helmet currently unavailable)
rElec   +          Harm     .    (no cloak)
rCorr   +          Rampage  .    (no gloves)
Will    .....                    (boots currently unavailable)
Stlth   +                        (no amulet)
HPRegen 0.24/turn                (no ring)
MPRegen 0.10/turn                (no ring)

@: appendages (expiring), resistant
A: horns 2, talons 2, hooves 1
a: End Transformation


You were on level 2 of the Dungeon.
You had temporarily grown beastly horns and talons.
You visited 1 branch of the dungeon, and saw 2 of its levels.

You collected 103 gold pieces.


Innate Abilities, Weirdness & Mutations

You have temporarily grown beastly horns and talons.
You have large cloven feet.


   Skills:
 - Level 1.0 Fighting
 - Level 1.7 Dodging
 + Level 3.0 Unarmed Combat
 + Level 2.3 Spellcasting
 * Level 2.6 Transmutations


You had 5 spell levels left.
You knew the following spells:

 Your Spells              Type           Power      Damage    Failure   Level
a - Beastly Appendage     Tmut           20%        N/A       7%          1

Your spell library contained the following spells:

 Spells                   Type           Power      Damage    Failure   Level
 Wereblood                Tmut           10%        N/A       11%         2
 Spider Form              Tmut/Pois      6%         N/A       34%         3
 Ice Form                 Ice/Tmut       6%         N/A       75%         4

Inventory:

Hand Weapons
 d - a +1 whip of venom (weapon)
   (You found it on level 1 of the Dungeon)
Missiles
 c - 15 stones
Armour
 a - a +0 robe (worn)
Wands
 g - a wand of mindburst (9)
   (You found it on level 1 of the Dungeon)
Scrolls
 e - 2 scrolls of noise {unknown}
 h - a scroll of teleportation {unknown}
Potions
 b - a potion of lignification {!q}

Dungeon Overview and Level Annotations

Branches:
Dungeon (2/15) Zot: 11176

Altars:

#
#..#####.#####
#....@†......
##..SJr......
#......!....
##..........
#..........
#..........
#..........
#..........


You could see an adder (very poisoned), an endoplasm and a quokka.


Message History

No target in view!
You see here a bat corpse.
Your transformation is almost over.
Done exploring. 😎 HP[+1] MP[+1]
Your hp is fully restored (21).
Your mp is fully restored (5).
Done exploring.
Done exploring.
Done exploring.
No target in view!
No target in view!
(D) Dungeon
Where to? (? - help)
Your horns disappear.
Your talons disappear.
There is a stone staircase leading down here.
You climb downwards.
The adder hisses angrily.
There is a stone staircase leading up here.
There are monsters nearby!
Okay, then.
Casting: Beastly Appendage (safe; 9% risk of failure)
Confirm with . or Enter, or press ? or * to list all spells.
You grow a pair of large bovine horns.
Your feet morph into talons.
The endoplasm quivers.
A quokka comes into view.
The worm bites you. 😕 HP[-3] MP[-1]
You take 3 damage, and now have 18/21 hp.
You lost 1 mp, and now have 4/5 mp.
You hit the worm.
The worm is poisoned.
You hit the worm.
The worm looks as sick as possible!
You claw the worm. The worm closely misses you. The adder barely misses you.
The endoplasm freezes you.
You are frozen. 😕 HP[-2]
You take 2 damage, and now have 16/21 hp.
You hit the worm.
The worm looks as sick as possible!
You kill the worm!
The adder misses you. The endoplasm hits you.
You have reached level 3!
Your experience leads to an increase in your attributes!
Increase (S)trength, (I)ntelligence, or (D)exterity?
You feel clever. x2 😮 HP[+2]
You now have 26 max hp (+5).
You regained 2 hp, and now have 18/26 hp.
You completely miss the adder. You claw the adder, but do no damage.
The adder misses you. The endoplasm closely misses you.
The adder closely misses you. 😮 HP[+1]
You barely miss the adder. You claw the adder, but do no damage.
Your headbutt misses the adder.
Your transformation is almost over.
The adder barely misses you. The endoplasm freezes you.
You are frozen.
The quokka barely misses you. 😮 HP[-4]
You take 4 damage, and now have 15/26 hp.
You barely miss the adder. The adder closely misses you.
The endoplasm closely misses you. The quokka bites you.
* * * LOW HITPOINT WARNING * * *
The adder completely misses you. 😨 HP[-2]
You take 2 damage, and now have 13/26 hp.
You barely miss the adder. You claw the adder.
The endoplasm closely misses you. The quokka bites you.
* * * LOW HITPOINT WARNING * * *
The adder completely misses you. 😨 HP[-1]
You take 1 damage, and now have 12/26 hp.
You miss the adder. You claw the adder, but do no damage.
Your headbutt misses the adder. The quokka barely misses you.
The adder barely misses you. The endoplasm freezes you.
You are frozen.
* * * LOW HITPOINT WARNING * * *
The quokka misses you. 😨 HP[-4] MP[+1]
You take 4 damage, and now have 8/26 hp.
Unknown command.
You closely miss the adder. Your kick misses the adder.
The adder closely misses you. The endoplasm barely misses you.
The quokka closely misses you. The adder misses you.
Unknown command.
You hit the adder but do no damage.
The adder is poisoned.
You claw the adder. Your headbutt misses the adder. The endoplasm freezes you.
You are frozen.
* * * LOW HITPOINT WARNING * * *
The quokka bites you.
* * * LOW HITPOINT WARNING * * *
The adder misses you.
The endoplasm barely misses you. 😱 HP[-6]
You take 6 damage, and now have 2/26 hp.
MASSIVE DAMAGE!! (PAUSE) It was a potion of resistance.
You feel protected.
The quokka bites you but does no damage.
The adder bites you.
You die...

Skill      XL: |  1  2 |
---------------+-------+-----
Transmutations | 2 |  2.6
Unarmed Combat | 3 |  3.0
Fighting       | |  1.0
Dodging        | |  1.7
Spellcasting   | |  2.3

Action                     || total
---------------------------++-------
  Melee: Unarmed           ||    16
         Whip              ||    49
         Kick              ||    15
         Headbutt          ||     7
         Punch             ||     2
   Cast: Beastly Appendage ||    11
    Use: Potion            ||     1
   Stab: Sleeping          ||     1
 Armour: Robe              ||     6
  Dodge: Dodged            ||    48

Levels and vault maps discovered:
D:1:      dpeg_arrival_rooms_c, layout_loops_cross,
          hellmonk_ecumenical_altar_lost_god
D:2:      layout_rooms, basic_altar, minmay_tetromino_t4, uniq_robin

Notes
Turn   | Place    | Note
-------+----------+-------------------------------------------
     0 | D:1      | kae the Demonspawn Transmuter began the quest for the Orb.
     0 | D:1      | Reached XP level 1. HP: 15/15 MP: 3/3
     0 | D:1      | magus.rc [v1.11.3]
    92 | D:1      | Reached skill level 2 in Transmutations
   224 | D:1      | You feel monstrous as your demonic heritage exerts itself.
   224 | D:1      | Discovered your monstrous ancestry.
   224 | D:1      | Lost mutation: You have razor-sharp toenails. [demonic
                  | ancestry]
   224 | D:1      | Lost mutation: You have sharp toenails. [demonic ancestry]
   224 | D:1      | Gained mutation: You have large cloven feet. [demonic
                  | ancestry]
   224 | D:1      | Reached XP level 2. HP: 21/21 MP: 3/5
   343 | D:1      | Found a faded altar of an unknown god.
   361 | D:1      | You pick up a book of Changes and begin reading...
   508 | D:1      | Reached skill level 3 in Unarmed Combat
   812 | D:2      | Reached XP level 3. HP: 18/26 MP: 4/6
   818 | D:2      | HP: 4/26 [frozen (4)]
   819 | D:2      | Slain by an adder

Vanquished Creatures
  A worm (D:2)
  A dart slug (D:1)
  7 endoplasms (D:1)
  A giant cockroach (D:1)
  2 goblins (D:1)
  4 hobgoblins (D:1)
  A bat (D:1)
  2 frilled lizards (D:1)
  A kobold (D:1)
  3 rats (D:1)
23 creatures vanquished.

Table legend:
 A = Non-vault XP
 B = Vault XP
 C = Vault XP percentage of total XP
 D = Non-vault monster count
 E = Vault monster count
 F = Vault count percentage of total count
                 A         B        C        D         E       F
            +---------+---------+-------+---------+---------+-------
      Total |      44 |       0 |   0.0 |      23 |       0 |   0.0
            +---------+---------+-------+---------+---------+-------
        D:1 |      39 |       0 |   0.0 |      22 |       0 |   0.0
        D:2 |       5 |       0 |   0.0 |       1 |       0 |   0.0
            +---------+---------+-------+---------+---------+-------

Illustrated notes

Table legend:
 A = Kills in this place as a percentage of kills in entire the game.
 B = Kills by you in this place as a percentage of kills by you in the entire game.
 C = Kills by friends in this place as a percentage of kills by friends in the entire game.
 D = Other kills in this place as a percentage of other kills in the entire game.
 E = Experience gained in this place as a percentage of experience gained in the entire game.
 F = Experience gained in this place divided by the number of levels of this place that you have seen.
                   A       B       C       D       E      F
               +-------+-------+-------+-------+-------+----------------------
         Total | 100.0 | 100.0 |   N/A |   N/A | 100.0 |  22.0
       Dungeon | 100.0 | 100.0 |   N/A |   N/A | 100.0 |  22.0
               +-------+-------+-------+-------+-------+----------------------

Table legend: (Time is in decaauts)
 A = Elapsed time spent in this place.
 B = Non-inter-level travel time spent in this place.
 C = Inter-level travel time spent in this place.
 D = Time resting spent in this place.
 E = Time spent auto-exploring this place.
 F = Levels seen in this place.
 G = Mean time per level.
                   A        B        C        D        E       F      G
               +--------+--------+--------+--------+--------+-----+--------+
         Total |    822 |    799 |     23 |      0 |    631 |   2 |  411.0 |
       Dungeon |    822 |    799 |     23 |      0 |    631 |   2 |  411.0 |
               +--------+--------+--------+--------+--------+-----+--------+

Top non-repeatable levels by time:
     D:1: 808 daAuts
     D:2: 13 daAuts
